 Dungeon Crawl Stone Soup version 0.28-a0-1199-gef9e1dbd39 (webtiles) character file.

Game seed: 14108028421747488648

193364 freelancePsychic the Convoker (level 18, -6/151 HPs)
             Began as a Barachi Summoner on Dec 19, 2021.
             Was a Priest of Sif Muna.
             Killed from afar by an Ice Fiend (35 damage)
             ... with a bolt of cold
             ... summoned by a deep elf demonologist
             ... on level 1 of the Elven Halls.
             The game lasted 02:11:18 (45212 turns).

freelancePsychic the Convoker (Barachi Summoner)   Turns: 45212, Time: 02:11:19

Health: -6/151     AC: 21    Str: 15      XL:     18   Next: 71%
Magic:  33/33      EV: 32    Int: 26 (28) God:    Sif Muna [***...]
Gold:   1390       SH:  9    Dex: 16      Spells: 10/47 levels left

rFire   + . .      SeeInvis +   a - staff of air
rCold   . . .      Faith    .   F - +4 buckler "Deaxtuz" {Fly Str+4 Dex+3}
rNeg    . . .      Spirit   .   O - +4 troll leather armour {Snorg}
rPois   .          Reflect  .   Q - +2 helmet {SInv}
rElec   +          Harm     .   I - +2 cloak
rCorr   .          Rampage  .   J - +0 pair of gloves {Stlth+}
Will    +....                   y - +1 pair of boots
Stlth   +++.......              o - amulet of the acrobat
HPRegen 1.15/turn               V - ring of Xuttoeq {rF+ AC+4}
MPRegen 0.23/turn               z - +6 ring of intelligence

@: about to teleport, acrobatic, flying, slow
A: amphibious, slowness 1, strong legs 2, +LOS, low mp 1
a: Hop, Renounce Religion, Channel Magic, Forget Spell


You were on level 1 of the Elven Halls.
You worshipped Sif Muna.
Sif Muna was most pleased with you.
You visited 6 branches of the dungeon, and saw 29 of its levels.
You also visited: Ice Cave.

You collected 3510 gold pieces.
You spent 2120 gold pieces at shops.

Inventory:

Hand Weapons
 C - a +1 spear
Missiles
 p - 7 curare-tipped darts
 N - 2 throwing nets
Armour
 y - a +1 pair of boots (worn)
 F - the +4 buckler "Deaxtuz" (worn) {Fly Str+4 Dex+3}
   (You acquired it on level 4 of the Dungeon)

   Str:       It affects your strength (+4).
   Dex:       It affects your dexterity (+3).
   Fly:       It grants you flight.
 I - a +2 cloak (worn)
 J - a +0 pair of gloves of stealth (worn)
 O - a +4 troll leather armour (worn) {Snorg}
 Q - a +2 helmet of see invisible (worn)
 R - the +6 scale mail of Zan Waqe {MP+9 Int+3 Dex+4}
   (You found it on level 3 of the Snake Pit)

   Int:       It affects your intelligence (+3).
   Dex:       It affects your dexterity (+4).
   MP:        It affects your magic capacity (+9).
 T - the +1 ice dragon scales "Oklil" {rF- rC++ Str+3 Int+4 Dex+3}
   (You found it in an ice cave)

   Str:       It affects your strength (+3).
   Int:       It affects your intelligence (+4).
   Dex:       It affects your dexterity (+3).
   rF:        It makes you vulnerable to fire.
   rC:        It greatly protects you from cold.
Magical Staves
 a - a staff of air (weapon)
Jewellery
 o - an amulet of the acrobat (around neck)
 w - a ring of ice
 z - a +6 ring of intelligence (right hand)
 E - a +4 ring of evasion
 G - an amulet of regeneration
 K - a ring of poison resistance
 V - the ring of Xuttoeq (left hand) {rF+ AC+4}
   (You found it on level 11 of the Dungeon)

   [ring of protection]

   AC:        It affects your AC (+4).
   rF:        It protects you from fire.
 W - an amulet of guardian spirit
 Y - a ring of willpower
Wands
 n - a wand of polymorph (14)
 B - a wand of acid (8)
 U - a wand of paralysis (1)
Scrolls
 d - 3 scrolls of holy word
 g - a scroll of brand weapon
 j - 3 scrolls of fog
 l - a scroll of torment
 q - a scroll of fear
 r - 3 scrolls of immolation
 s - 4 scrolls of teleportation {@r4}
 u - 3 scrolls of enchant weapon
 x - 4 scrolls of vulnerability
 H - a scroll of amnesia
 S - a scroll of blinking
Potions
 b - 5 potions of flight
 c - 7 potions of brilliance
 e - 2 potions of heal wounds {@q2}
 f - 6 potions of degeneration
 h - 14 potions of ambrosia
 i - 4 potions of lignification
 k - 5 potions of haste {@q3}
 m - 7 potions of attraction
 v - 6 potions of mutation
 A - 3 potions of resistance
 D - 13 potions of curing {@q1}
 L - 3 potions of invisibility
 M - 2 potions of cancellation
 P - a potion of magic
 X - a potion of berserk rage
 Z - a potion of might


   Skills:
 + Level 15.8 Fighting
 - Level 1.1 Armour
 + Level 10.8 Dodging
 - Level 1.7 Stealth
 + Level 5.5 Shields
 - Level 15.2 Spellcasting
 - Level 8.0 Hexes
 - Level 20.0 Summonings
 - Level 10.5 Translocations
 - Level 10.4 Transmutations
 + Level 8.0 Air Magic
 - Level 8.2 Invocations


You had 10 spell levels left.
You knew the following spells:

 Your Spells              Type           Power      Damage    Failure   Level
a - Summon Horrible Thin  Summ           44%        N/A       6%          8
b - Silence               Hex/Air        37%        N/A       3%          5
d - Summon Lightning Spi  Summ/Air       95%        N/A       1%          4
e - Summon Mana Viper     Hex/Summ       75%        N/A       1%          5
f - Yara's Violent Unrav  Hex/Tmut       30%        3d13      1%          5
h - Malign Gateway        Summ/Tloc      39%        N/A       5%          7
i - Call Canine Familiar  Summ           89%        N/A       0%          3

Your spell library contained the following spells:

 Spells                   Type           Power      Damage    Failure   Level
 Summon Small Mammal      Summ           100%       N/A       0%          1
 Call Imp                 Summ           89%        N/A       0%          2
 Apportation              Tloc           100%       N/A       1%          1
 Beastly Appendage        Tmut           100%       N/A       1%          1
 Slow                     Hex            100%       N/A       1%          1
 Blink                    Tloc           100%       N/A       1%          2
 Corpse Rot               Necr/Air       100%       N/A       1%          2
 Passwall                 Tmut/Erth      38%        N/A       1%          2
 Wereblood                Tmut           65%        N/A       1%          2
 Confusing Touch          Hex            57%        N/A       1%          3
 Dazzling Flash           Conj/Hex       80%        N/A       1%          3
 Inner Flame              Hex/Fire       40%        N/A       1%          3
 Lesser Beckoning         Tloc           65%        N/A       1%          3
 Portal Projectile        Hex/Tloc       100%       N/A       1%          3
 Spider Form              Tmut/Pois      46%        N/A       1%          3
 Summon Guardian Golem    Hex/Summ       75%        N/A       1%          3
 Swiftness                Air            75%        N/A       1%          3
 Tukima's Dance           Hex            57%        N/A       1%          3
 Animate Armour           Summ/Erth      100%       N/A       1%          4
 Cause Fear               Hex            28%        N/A       1%          4
 Passage of Golubria      Tloc           65%        N/A       1%          4
 Blade Hands              Tmut           32%        N/A       1%          5
 Manifold Assault         Tloc           65%        N/A       1%          5
 Summon Forest            Summ/Tloc      39%        N/A       1%          5
 Animate Skeleton         Necr           38%        N/A       3%          1
 Magic Dart               Conj           76%        1d6       3%          1
 Mephitic Cloud           Conj/Pois/Air  50%        N/A       3%          3
 Ice Form                 Ice/Tmut       46%        N/A       3%          4
 Petrify                  Tmut/Erth      46%        N/A       3%          4
 Searing Ray              Conj           38%        2d5       4%          2
 Fulminant Prism          Conj/Hex       20%        3d13      6%          4
 Leda's Liquefaction      Hex/Erth       20%        N/A       6%          4
 Dispersal                Tloc           32%        N/A       7%          6
 Frozen Ramparts          Ice            38%        1d5       10%         3
 Alistair's Intoxication  Tmut/Pois      30%        N/A       11%         5
 Irradiate                Conj/Tmut      23%        3d21      11%         5
 Metabolic Englaciation   Hex/Ice        20%        N/A       17%         5
 Freezing Cloud           Conj/Ice/Air   25%        6-21      30%         5
 Dispel Undead            Necr           19%        3d11      32%         4
 Hailstorm                Conj/Ice       19%        3d6       32%         4
 Sticky Flame             Conj/Fire      19%        2d4       32%         4
 Dragon Form              Tmut           32%        N/A       36%         7
 Spellforged Servitor     Conj/Summ      32%        N/A       43%         7
 Statue Form              Tmut/Erth      30%        N/A       52%         6
 Agony                    Necr           19%        N/A       67%         5
 Excruciating Wounds      Necr           9%         N/A       67%         5
 Iskenderun's Battlesphe  Conj           19%        2d7       67%         5
 Lee's Rapid Deconstruct  Erth           9%         3d8*      67%         5
 Conjure Ball Lightning   Conj/Air       28%        3x3d8     69%         6
 Disjunction              Tloc           32%        N/A       96%         8
 Death Channel            Necr           9%         N/A       99%         6
 Iron Shot                Conj/Erth      9%         9d3       99%         6
 Simulacrum               Ice/Necr       9%         N/A       99%         6
 Starburst                Conj/Fire      9%         6d5       99%         6
 Orb of Destruction       Conj           9%         9d4       100%        7
 Discord                  Hex            28%        N/A       100%        8
 Infestation              Necr           9%         N/A       100%        8
 Lehudib's Crystal Spear  Conj/Erth      9%         10d4      100%        8


Dungeon Overview and Level Annotations

Branches:
Dungeon (15/15)            Temple (1/1) D:4            Lair (6/6) D:9
 Shoals (0/4) Lair:4        Snake (4/4) Lair:4        Slime (0/5) Lair:6
    Orc (2/2) D:9             Elf (1/3) Orc:2        Vaults (0/5) D:13
 Depths (0/4) D:15          IceCv (visited)

Altars:
Ashenzari
Cheibriados
Dithmenos
Elyvilon
Fedhas
Gozag
Hepliaklqana
Kikubaaqudgha
Makhleb
Nemelex Xobeh
Okawaru
Qazlal
Ru
Sif Muna
Trog
Uskayaw
Vehumet
Wu Jian
Xom
Yredelemnul
Zin
The Shining One
Beogh

Shops:
D:2 [   D:4 ?   D:10 *[   D:11 (   D:14 *   Orc:2 [!([?   Snake:4 (?

Annotations:
D:6 2 transporters, scottley's ghost, novice HuBe
Lair:3 exclusion: orange crystal statue
Snake:4 Roxanne
Orc:1 3 runed translucent doors, fragbeetle's ghost, journeyman MfGl


Innate Abilities, Weirdness & Mutations

You are amphibious.
You cover ground slowly.
You can hop long distances.
You have an extended range of vision and can be seen from far away.
Your magical capacity is low. (-10% MP)


Message History

Your tentacled monstrosity grabs the Ice Fiend.
Your tentacled monstrosity constricts the Ice Fiend.
Your large abomination hits the Ice Fiend but does no damage.
The Ice Fiend calls on the powers of darkness!
The deep elf knight convulses!
The orc knight convulses!
The deep elf knight convulses!
Your body is wracked with pain!
* * * LOW HITPOINT WARNING * * *
The deep elf demonologist convulses!
The deep elf knight hits your large abomination with a +0 short sword!
Your eldritch tentacle completely misses the deep elf knight.
Your eldritch tentacle closely misses the deep elf knight.
The orc knight roars repeatedly, as Orcs often do.
Your magical contamination has completely faded away.
Your tentacled monstrosity tentacle-slaps the Ice Fiend!
Your tentacled monstrosity completely misses the Ice Fiend.
Your tentacled monstrosity tentacle-slaps the Ice Fiend but does no damage.
Your tentacled monstrosity constricts the Ice Fiend.
Your large abomination hits the Ice Fiend.
The Ice Fiend barely misses your tentacled monstrosity.
The Ice Fiend completely misses your tentacled monstrosity.
The deep elf knight hits your eldritch tentacle with a +3 long sword of holy wrath!!
The deep elf knight hits your large abomination with a +0 short sword.
The deep elf demonologist gestures wildly while chanting.
Your eldritch tentacle barely misses the orc knight.
Your eldritch tentacle claws the orc knight!
The orc knight dies!
Sif Muna accepts your kill.
Your Air Magic skill increases to level 8!
The deep elf knight hits your large abomination with a +0 short sword!
Your large abomination is destroyed!
Your large abomination disappears in a puff of smoke!
Your tentacled monstrosity tentacle-slaps the Ice Fiend.
Your tentacled monstrosity tentacle-slaps the Ice Fiend!
Your tentacled monstrosity tentacle-slaps the Ice Fiend.
Your tentacled monstrosity constricts the Ice Fiend.
The Ice Fiend gestures at you.
The bolt of cold hits your tentacled monstrosity!!
Your tentacled monstrosity resists.
The bolt of cold hits you!!
You die...

..##(.##...#
..#...)))).#
⌠.#....).⌠.#
..#........#
############ #.....#
##...^.## #.......# #+#
#.......# #@# #.......#
#.# ##.....## #.#
##'.....'## ##X# ##
##.##'####.###§1#88#88#8
##.###.# ##'#..eeeeEoe..
#'## #.# ##..─w).oeoe..
..# #.# #.*>e#.e#..#(
..# #.# #...e'°eoeE4.


You could see an Ice Fiend (summoned, ally target), a deep elf demonologist
(empowered), a deep elf archer (empowered, repels missiles), 2 deep elf knights,
a friendly tentacled monstrosity (summoned) and a friendly eldritch tentacle.

Vanquished Creatures
  3 orc high priests (Orc:2)
  A torpor snail (Lair:6)
  A hornet (Lair:6)
  A fire elemental (Elf:1)
  A warg (Orc:1)
  3 orc warriors (Orc:2)
  An ogre (D:9)
  A wolf (Orc:1)
  A kobold brigand (D:9)
  A water moccasin skeleton (D:5)
  A howler monkey (D:9)
  7 electric eels
  A jelly (D:7)
  A bullfrog skeleton (D:7)
  2 orc wizards (Orc:2)
  A howler monkey zombie (D:9)
  2 gnolls
  A howler monkey skeleton (D:5)
  An adder (D:2)
  A worm (D:2)
  A dart slug (D:3)
  8 orcs
  5 bats
  2 endoplasms (D:3)
  A giant cockroach (D:1)
  10 goblins
  2 hobgoblins
  2 jackals (D:2)
  2 quokkas
  2 ball pythons
  4 frilled lizards (D:3)
  6 kobolds
  A rat (D:3)
78 creatures vanquished.

Vanquished Creatures (collateral kills)
  Vashnia (Snake:2)
  Saint Roka (Snake:2)
  Mlioglotl (Snake:3)
  Asterion (Snake:2)
  Agnes (D:14)
  4 eldritch tentacles
  4 nagarajas
  Aizul (Snake:3)
  The ghost of jtrev the Bludgeoner, a journeyman GrBe of Trog (Snake:2)
  Azrael (Snake:3)
  A deep elf annihilator (Elf:1)
  A dire elephant (D:15)
  A white draconian (IceCv)
  An ettin (Orc:2)
  6 hydras
  An ice dragon (Lair:6)
  6 boulder beetles
  A catoblepas (Lair:4)
  A salamander tyrant (Snake:1)
  14 naga warriors
  8 vault guards (D:13)
  An ogre mage (D:15)
  5 centaur warriors
  2 ironbound frosthearts (IceCv)
  2 dancing weapons (Elf:1)
  11 death yaks (Lair:5)
  5 anacondas
  A tengu warrior (D:15)
  10 two-headed ogres
  2 death knights
  Urug (Lair:1)
  15 naga sharpshooters
  2 orc high priests (Elf:1)
  9 shock serpents
  A deep elf knight (Elf:1)
  4 salamander mystics
  4 sea snakes (Snake:2)
  7 naga ritualists
  3 deep elf archers (Elf:1)
  6 orc knights
  2 lindwurms (Lair:6)
  11 deep elf pyromancers
  7 mana vipers
  7 deep elf zephyrmancers (Elf:1)
  16 ugly things
  6 orc sorcerers
  3 oklob plants
  A wolf spider (D:15)
  11 salamanders
  4 manticores
  9 cyclopes
  26 black mambas
  4 elephants (Lair:6)
  12 naga magi
  A cane toad (shapeshifter) (D:15)
  2 centaur zombies
  7 guardian serpents
  2 ice statues (D:14)
  Maggie (D:7)
  3 gargoyles
  16 cane toads
  3 unseen horrors
  4 torpor snails (Lair:6)
  5 komodo dragons
  15 rime drakes
  A yaktaur (D:15)
  2 kobold demonologists
  A freezing wraith (D:13)
  4 tengu conjurers
  A queen bee (Lair:3)
  A burning bush (Lair:1)
  6 hornets (Lair:6)
  10 polar bears
  7 trolls
  3 tyrant leeches (Lair:6)
  18 blink frogs
  8 slime creatures
  A meliai zombie (D:11)
  4 wyverns
  4 water elementals (Elf:1)
  A shapeshifter (Snake:3)
  A spriggan (shapeshifter) (D:10)
  13 nameless horrors
  2 vampires
  A wraith (D:13)
  3 shadows
  41 yaks
  4 fire elementals
  8 basilisks
  5 vampire mosquitoes
  9 wargs
  25 nagas
  An acid dragon (D:12)
  14 water moccasins
  4 hell hounds (Snake:3)
  A sky beast (D:6)
  31 orc warriors
  An ice beast (D:7)
  A black bear (Lair:1)
  15 centaurs
  2 necrophages
  A tengu (shapeshifter) (D:11)
  20 wolves
  6 ogres
  3 phantoms
  8 kobold brigands
  3 gnoll sergeants
  8 bullfrogs
  3 scorpions
  23 killer bees
  12 wights
  4 electric eels
  2 howler monkeys
  A bullfrog zombie (D:6)
  14 orc priests
  3 hounds
  3 gnoll shamans
  Natasha (D:2)
  3 iguanas
  17 orc wizards
  11 hell rats
  A hound skeleton (D:4)
  Robin (D:2)
  17 gnolls
  4 adders
  A shadow imp (D:5)
  2 adder skeletons (D:4)
  3 worms
  A dart slug (D:2)
  80 orcs
  An endoplasm (D:1)
  12 goblins
  9 hobgoblins
  2 jackals (D:2)
  9 kobolds
  A quokka (D:1)
  2 ball pythons (D:4)
  2 bats (D:1)
  A rat (D:1)
  A spectral orc (D:9)
876 creatures vanquished.

Vanquished Creatures (others)
  83 eldritch tentacles
  Snorg (Lair:4)
  5 hydras
  7 death yaks (Lair:5)
  2 orc knights
  2 ugly things (IceCv)
  A centaur zombie (D:11)
  A manticore (D:14)
  A gargoyle (D:10)
  3 rime drakes
  A komodo dragon (Lair:1)
  2 trolls (D:9)
  A polar bear (IceCv)
  2 hornets (Lair:6)
  A blink frog (Lair:5)
  2 slime creatures (D:13)
  10 yaks
  3 water moccasins
  4 wolves
  A scorpion (D:5)
  12 killer bees
  2 orc priests
  2 iguanas (D:5)
  A gnoll (D:6)
  3 orcs
  A kobold (D:9)
  5 bushes
  46 fungi
  154 plants
359 creatures vanquished.

Grand Total: 1313 creatures vanquished

Notes
Turn   | Place    | Note
-------+----------+-------------------------------------------
     0 | D:1      | freelancePsychic the Barachi Summoner began the quest for
                  | the Orb.
     0 | D:1      | Reached XP level 1. HP: 13/13 MP: 3/3
   180 | D:1      | Reached skill level 5 in Summonings
   537 | D:1      | Reached XP level 2. HP: 19/19 MP: 1/5
  1036 | D:2      | Found Fas Udy's Armour Emporium.
  1065 | D:2      | Bought a +0 cloak for 58 gold pieces
  1486 | D:2      | Reached XP level 3. HP: 24/24 MP: 5/7
  1667 | D:2      | Noticed Natasha
  1778 | D:2      | Learned a level 3 spell: Call Canine Familiar
  1856 | D:2      | Found a faded altar of an unknown god.
  2114 | D:2      | Noticed Robin
  2128 | D:2      | Reached skill level 6 in Summonings
  2155 | D:2      | Reached XP level 4. HP: 28/31 MP: 8/8
  2162 | D:2      | Killed Natasha
  2163 | D:2      | Reached skill level 1 in Fighting
  2171 | D:2      | Killed Robin
  2376 | D:3      | Reached XP level 5. HP: 37/37 MP: 4/9
  2960 | D:3      | Reached skill level 1 in Hexes
  3191 | D:3      | Learned a level 3 spell: Summon Guardian Golem
  3212 | D:3      | Reached skill level 7 in Summonings
  3373 | D:4      | Reached XP level 6. HP: 43/44 MP: 11/11
  3478 | D:4      | Found a staircase to the Ecumenical Temple.
  3498 | Temple   | Entered the Ecumenical Temple
  3580 | Temple   | Became a worshipper of Sif Muna the Loreminder
  3724 | D:4      | Found Qona's Magic Scroll Shoppe.
  3734 | D:4      | Bought a scroll of identify for 26 gold pieces
  3734 | D:4      | Bought a scroll of identify for 26 gold pieces
  3734 | D:4      | Bought a scroll of immolation for 45 gold pieces
  3734 | D:4      | Bought a scroll of identify for 26 gold pieces
  3734 | D:4      | Bought a scroll of teleportation for 39 gold pieces
  3899 | D:4      | Reached skill level 1 in Air Magic
  4106 | D:4      | Reached skill level 1 in Invocations
  4270 | D:4      | Found a hazy altar of Hepliaklqana.
  4546 | D:4      | Reached XP level 7. HP: 52/52 MP: 5/12
  4609 | D:5      | Entered Level 5 of the Dungeon
  4878 | D:5      | You fall into a shaft and drop 1 floor!
  5303 | D:6      | Noticed a yak
  5312 | D:6      | Noticed a yak
  5314 | D:6      | Noticed a yak
  5315 | D:6      | Noticed a yak
  5317 | D:6      | Noticed a yak
  5317 | D:6      | Noticed a yak
  5321 | D:6      | Killed a yak
  5322 | D:6      | Reached skill level 8 in Summonings
  5322 | D:6      | Reached XP level 8. HP: 61/61 MP: 10/13
  5322 | D:6      | Killed a yak
  5330 | D:6      | Killed a yak
  5337 | D:6      | Killed a yak
  5338 | D:6      | Reached skill level 5 in Fighting
  5338 | D:6      | Killed a yak
  5339 | D:6      | Killed a yak
  5597 | D:6      | Found a transporter.
  5599 | D:6      | Found a transporter.
  5600 | D:6      | Noticed scottley's ghost (novice HuBe)
  5627 | D:5      | Reached skill level 9 in Summonings
  5730 | D:5      | Learned a level 4 spell: Summon Lightning Spire
  5819 | D:5      | Reached skill level 5 in Air Magic
  5819 | D:5      | Reached XP level 9. HP: 67/69 MP: 3/14
  5953 | D:5      | Reached * piety under Sif Muna
  6300 | D:5      | Found a burning altar of Makhleb.
  6775 | D:6      | Reached skill level 5 in Invocations
  6938 | D:6      | Reached skill level 10 in Summonings
  7318 | D:6      | Reached XP level 10. HP: 40/80 MP: 15/15
  8443 | D:7      | Reached skill level 1 in Armour
  8556 | D:7      | Reached ** piety under Sif Muna
  9679 | D:7      | Noticed Maggie
  9692 | D:7      | Killed Maggie
 10394 | D:8      | Noticed a kobold demonologist
 10404 | D:8      | Killed a kobold demonologist
 10479 | D:8      | Found a radiant altar of Vehumet.
 10479 | D:8      | Found a shimmering altar of Xom.
 10484 | D:8      | Found a bloodstained altar of Trog.
 10485 | D:8      | Found an opulent altar of Gozag.
 10487 | D:8      | Found a glowing golden altar of the Shining One.
 10487 | D:8      | Found a snail-covered altar of Cheibriados.
 10488 | D:8      | Found a sacrificial altar of Ru.
 10490 | D:8      | Identified the +0 leather armour of Dithmenos's Reproof
                  | {Str+4}
 10497 | D:8      | Found an ornate altar of the Wu Jian Council.
 10500 | D:8      | Found an ancient bone altar of Kikubaaqudgha.
 10537 | D:8      | Noticed a two-headed ogre
 10545 | D:8      | Killed a two-headed ogre
 10842 | D:9      | Reached skill level 5 in Dodging
 10884 | D:9      | Reached *** piety under Sif Muna
 11618 | D:9      | Reached XP level 11. HP: 90/90 MP: 5/16
 11694 | D:9      | Found a basalt altar of Yredelemnul.
 11760 | D:9      | Identified the +4 ring mail of Yrev {rPois rN+ Int-3
                  | Stlth+}
 11905 | D:9      | Reached skill level 10 in Fighting
 12048 | D:9      | Reached **** piety under Sif Muna
 12268 | D:9      | Found a staircase to the Orcish Mines.
 12602 | D:9      | Reached ***** piety under Sif Muna
 12736 | D:9      | Found a staircase to the Lair.
 12914 | D:10     | Entered Level 10 of the Dungeon
 13054 | D:10     | Found Suaho's Armour Emporium.
 13067 | D:10     | Noticed an orc knight
 13068 | D:10     | Noticed a seven-headed hydra
 13078 | D:10     | Killed a seven-headed hydra
 13079 | D:10     | Killed an orc knight
 13141 | D:10     | Received a gift from Sif Muna
 13144 | D:10     | Got Sif Muna's Incunabulum of Beguiling {god gift}
 13255 | D:10     | Learned a level 5 spell: Summon Mana Viper
 13579 | D:10     | Found Gikh's Assorted Antiques.
 14002 | D:11     | Reached skill level 11 in Summonings
 14078 | D:11     | Noticed a green ugly thing
 14116 | D:11     | Killed a green ugly thing
 14322 | D:11     | Noticed a two-headed ogre
 14449 | Lair:1   | Entered Level 1 of the Lair of Beasts
 15187 | Lair:1   | Reached skill level 5 in Hexes
 15187 | Lair:1   | Reached XP level 12. HP: 55/100 MP: 4/18
 15355 | Lair:1   | Reached skill level 12 in Summonings
 15463 | Lair:1   | Noticed a four-headed hydra
 15477 | Lair:1   | Killed a four-headed hydra
 15678 | Lair:1   | Noticed Urug
 15689 | Lair:1   | Killed Urug
 16185 | Lair:2   | You fall into a shaft and drop 1 floor!
 16335 | Lair:3   | Reached skill level 5 in Spellcasting
 16335 | Lair:3   | Gained mutation: Your magical capacity is low. (-10% MP)
                  | [potion of mutation]
 16979 | Lair:2   | Reached skill level 13 in Summonings
 17430 | Lair:2   | Identified the +2 ring mail of Oblivion {rC+ Stlth+}
 18100 | D:4      | Bought a scroll of acquirement for 676 gold pieces
 18100 | D:4      | Acquired the +4 buckler "Deaxtuz" {Fly Str+4 Dex+3}
 18488 | Lair:3   | Reached skill level 1 in Shields
 18528 | Lair:3   | Noticed a four-headed hydra
 18544 | Lair:3   | Killed a four-headed hydra
 18972 | Lair:3   | Received a gift from Sif Muna
 18977 | Lair:3   | Got Sif Muna's Grimoire of Ashen Stolen Souls {god gift}
 19927 | Lair:4   | Noticed Snorg
 20050 | Lair:4   | Found a staircase to the Snake Pit.
 20050 | Lair:4   | Noticed a catoblepas
 20237 | Lair:4   | Killed a catoblepas
 20238 | Lair:4   | Reached skill level 14 in Summonings
 20238 | Lair:4   | Gained mutation: You can hop long distances. [Barachi
                  | growth]
 20238 | Lair:4   | Reached XP level 13. HP: 95/106 MP: 14/21
 20326 | Lair:4   | Identified the +0 chain mail of Pessimism {rF+ rN+ Str-3
                  | Int+4}
 20528 | Lair:4   | Found a staircase to the Shoals.
 20548 | Lair:4   | Identified the +2 leather armour of Nejust {Regen+ Dex+2
                  | Stlth+}
 21085 | Lair:4   | Reached skill level 1 in Transmutations
 21094 | Lair:4   | Killed Snorg
 21943 | Lair:5   | Reached skill level 5 in Transmutations
 22186 | Lair:5   | Received a gift from Sif Muna
 22193 | Lair:5   | Got Sif Muna's Grimoire of the Sinister Compass {god gift}
 22265 | Lair:5   | Learned a level 5 spell: Yara's Violent Unravelling
 22405 | Lair:5   | Reached skill level 1 in Translocations
 22730 | D:10     | Bought a +1 helmet of see invisible for 264 gold pieces
 23291 | Lair:6   | Entered Level 6 of the Lair of Beasts
 23515 | Lair:5   | Reached XP level 14. HP: 112/116 MP: 16/25
 23684 | Lair:5   | Reached skill level 10 in Spellcasting
 24027 | Lair:6   | Reached skill level 15 in Summonings
 24439 | Lair:6   | Reached skill level 5 in Translocations
 24881 | Lair:6   | Found a staircase to the Slime Pits.
 25332 | Lair:6   | Found a runed translucent door.
 25360 | Lair:6   | Received a gift from Sif Muna
 25374 | Lair:6   | Paralysed by a hornet for 2 turns
 26314 | Lair:6   | Got Sif Muna's Grimoire of the Oath and Cold {god gift}
 27111 | D:10     | Bought a bloodstained scale mail for 270 gold pieces
 27111 | D:10     | Identified the +3 scale mail of Modesty {rElec Int+4} (You
                  | bought it in a shop on level 10 of the Dungeon)
 27177 | Orc:1    | Entered Level 1 of the Orcish Mines
 27178 | Orc:1    | Noticed fragbeetle's ghost (journeyman MfGl)
 27186 | Orc:1    | Learned a level 7 spell: Malign Gateway
 27186 | Orc:1    | Found a runed translucent gate.
 27187 | Orc:1    | Found a runed translucent gate.
 27188 | Orc:1    | Found a runed translucent gate.
 27423 | Orc:1    | Reached skill level 16 in Summonings
 27902 | Orc:2    | Entered Level 2 of the Orcish Mines
 28079 | Orc:2    | Reached XP level 15. HP: 122/122 MP: 14/26
 28306 | Orc:2    | Found a staircase to the Elven Halls.
 28555 | Orc:2    | Found Dofago's Magic Scroll Shoppe.
 29207 | Orc:2    | Found Teixe's Distillery.
 29207 | Orc:2    | Found Xais's Armour Emporium.
 29209 | Orc:2    | Found Ytzohea's Antique Armour Boutique.
 29209 | Orc:2    | Found Wytz's Weapon Boutique.
 29250 | Orc:2    | Bought a potion of brilliance for 60 gold pieces
 29250 | Orc:2    | Bought a potion of invisibility for 120 gold pieces
 29250 | Orc:2    | Bought a potion of heal wounds for 75 gold pieces
 29250 | Orc:2    | Bought a potion of curing for 45 gold pieces
 29575 | Orc:1    | Received a gift from Sif Muna
 29576 | Orc:1    | Got Sif Muna's Grimoire of Transmutation and Confrontation
                  | {god gift}
 30566 | D:11     | Paralysed by a tengu conjurer for 2 turns
 30574 | D:11     | Reached skill level 17 in Summonings
 30647 | D:11     | Identified the ring of Xuttoeq {rF+ AC+4}
 31091 | D:11     | Found Efal's Weapon Shop.
 32490 | D:12     | Identified the +0 leather armour "Xima" {rElec MP-9 Dex+7}
 32668 | D:12     | Found an ornate altar of the Wu Jian Council.
 33312 | D:10     | Bought a translucent scale mail for 270 gold pieces
 33312 | D:10     | Identified the +1 scale mail of the Stone Wall {Harm Str+8
                  | Int-4 Dex-3} (You bought it in a shop on level 10 of the
                  | Dungeon)
 33589 | D:13     | Reached skill level 10 in Translocations
 33985 | D:13     | Found a gate to the Vaults.
 33995 | D:13     | Reached XP level 16. HP: 124/129 MP: 15/28
 34316 | D:13     | Received a gift from Sif Muna
 34565 | D:14     | Found a frozen archway.
 34568 | D:14     | Found a broken altar of Ashenzari.
 34605 | IceCv    | Entered an ice cave
 34787 | IceCv    | Identified the +1 ice dragon scales "Oklil" {rF- rC++ Str+3
                  | Int+4 Dex+3}
 34982 | IceCv    | Received a gift from Sif Muna
 34983 | IceCv    | Got Tiec's Catalogue of Bewitchment {god gift}
 35126 | IceCv    | Learned a level 8 spell: Summon Horrible Things
 35161 | IceCv    | Reached skill level 18 in Summonings
 35486 | D:14     | Found a sparkling altar of Nemelex Xobeh.
 35629 | D:14     | Found Zugitohicigh's Assorted Antiques.
 35639 | D:14     | Found the +7 great mace "Firestarter" {inner flame, rF++}
 35750 | D:14     | Noticed Agnes
 35756 | D:14     | Killed Agnes
 36187 | D:15     | Entered Level 15 of the Dungeon
 36359 | D:15     | Learned a level 5 spell: Silence
 36621 | D:15     | Acquired a book of Changes
 37455 | D:15     | Found a staircase to the Depths.
 37907 | Elf:1    | Entered Level 1 of the Elven Halls
 38222 | Snake:1  | Entered Level 1 of the Snake Pit
 38414 | Snake:1  | Reached skill level 19 in Summonings
 38415 | Snake:1  | Reached XP level 17. HP: 93/135 MP: 16/31
 39328 | Snake:1  | Received a gift from Sif Muna
 39332 | Snake:1  | Got Neygh's Collected Works on Quantum Attacks {god gift}
 40230 | Snake:2  | Found a runed translucent gate.
 40230 | Snake:2  | Found a runed translucent gate.
 40230 | Snake:2  | Found a runed translucent gate.
 40274 | Snake:2  | Reached skill level 15 in Spellcasting
 40651 | Snake:2  | Noticed Saint Roka
 40674 | Snake:2  | Killed Saint Roka
 40858 | Snake:2  | Noticed Vashnia
 40882 | Snake:2  | Killed Vashnia
 40901 | Snake:2  | Reached skill level 20 in Summonings
 41107 | Snake:2  | Noticed jtrev's ghost (journeyman GrBe)
 41139 | Snake:2  | Killed jtrev's ghost
 41201 | Snake:2  | Identified the +7 hand crossbow of Exquisite Death {elec,
                  | rC+ Int+2}
 41325 | Snake:2  | Noticed Asterion
 41328 | Snake:2  | Noticed an Executioner
 41334 | Snake:2  | Killed Asterion
 41922 | Snake:3  | Noticed Aizul
 41933 | Snake:3  | Reached XP level 18. HP: 125/147 MP: 19/33
 41933 | Snake:3  | Killed Aizul
 42432 | Snake:3  | Noticed Mlioglotl
 42443 | Snake:3  | Killed Mlioglotl
 42444 | Snake:3  | Reached skill level 10 in Transmutations
 42600 | Snake:3  | Reached skill level 15 in Fighting
 42841 | Snake:3  | Identified the +6 scale mail of Zan Waqe {MP+9 Int+3 Dex+4}
 42939 | Snake:3  | Noticed Azrael
 42957 | Snake:3  | Killed Azrael
 43408 | Snake:4  | Entered Level 4 of the Snake Pit
 43533 | Snake:4  | Reached skill level 10 in Dodging
 43764 | Snake:4  | Received a gift from Sif Muna
 43765 | Snake:4  | Got Sif Muna's Disquisition on the Frostbite and Attacks
                  | {god gift}
 43922 | Snake:4  | Noticed Roxanne
 43934 | Snake:4  | Found Qoxtuhos's Magic Scroll Emporium.
 43938 | Snake:4  | Found Byashalo's Antique Weapon Shoppe.
 43977 | Snake:4  | Bought a scroll of enchant armour for 120 gold pieces
 44704 | Elf:1    | Reached skill level 5 in Shields
 45201 | Elf:1    | Noticed an Ice Fiend
 45212 | Elf:1    | Killed from afar by an Ice Fiend

Illustrated notes

Levels and vault maps discovered:
D:1:      dpeg_arrival_renting, layout_loops_ring
D:2:      layout_basic, serial_shops, nicolae_shop_hallway_plus,
          shapermc_ecumenical_altar_flowoftime, uniq_natasha, uniq_robin
D:3:      layout_loops_cross, grunt_ministairs_1
D:4:      layout_gridville, mainiacjoe_overflow_boulevard,
          minmay_temple_entry_overgrown, serial_shops,
          nicolae_shop_advertising_works [nicolae_subvault_shop_adworks],
          st_stairs_2
D:5:      layout_loops_ring, lemuel_doored_altar
D:6:      wad_lake_hut, layout_rooms, gammafunk_ghost_smash
D:7:      layout_basic, uniq_maggie
D:8:      layout_gridville, nicolae_overflow_hallway_of_the_gods
D:9:      layout_roguey, yredelemnul_forgotten_temple_becter, lair_entry_dummy,
          kennysheep_orc_monster_closet_entryway, special_room
          [special_room_orc]
D:10:     layout_roguey, serial_shops, nicolae_lakefront_shop, shop,
          minivault_20
D:11:     minmay_the_grid_octo_tiled_octocenter_mashed [minmay_the_grid_octo_77,
          minmay_the_grid_octo_clover, minmay_the_grid_octo_chip,
          minmay_the_grid_octo_focus, minmay_the_grid_octo_prize_single_spiral,
          minmay_the_grid_square_5x5_moneybag,
          minmay_the_grid_square_5x5_tetrominoes,
          minmay_the_grid_square_5x5_detours,
          minmay_the_grid_square_5x5_checkered_statues], layout_basic,
          serial_shops, shop, minivault_27
D:12:     layout_layer_cave, nicolae_wu_jian_wuxing_cycle
D:13:     layout_basic, erik_vaults_2, kennysheep_generic_room_16
D:14:     layout_rooms, portal_ice_cave_entry_ice_statue_two,
          nemelex_xobeh_ov_fountains_minmay, enter_bailey_5, serial_shops,
          nicolae_stop_n_shop_1, skrybe_limestone_x, ashenzari_altar_1,
          uniq_agnes
D:15:     hangedman_depths_entry_try_elsewhere_first, layout_small_grid,
          kennysheep_pointless_box
Temple:   cyrus_temple_forest
Lair:1:   layout_roguey, evilmike_ambush [evilmike_ambush_outer_basic,
          evilmike_ambush_inner_pond], infiniplex_staircase_pool_2, uniq_urug
Lair:2:   layout_chaotic_city, nicolae_quartered_pool_little,
          serial_bayou_shore_a, grunt_megastairs_4
Lair:3:   statuecave_lemuel, layout_loops_ring, special_room [special_room_bee],
          cheibrodos_lair_caveside_slide, chequers_serial_rivers_large_a,
          lemuel_fruit_tree, infiniplex_staircase_pool
Lair:4:   layout_cave_pods, minmay_shoals_entry_centaurs,
          minmay_snake_entry_guardpost_small, uniq_snorg
Lair:5:   layout_long_grid, minmay_hedge_maze, grunt_megastairs_2
Lair:6:   wormcave, layout_cave_shapes, minmay_slime_entry_oklob_open,
          serial_bayou, serial_bayou_lake_a, serial_bayou_ford_a,
          serial_bayou_shore_b, serial_bayou_pond_e, serial_bayou_shore_b
Snake:1:  kennysheep_six_static_rooms, layout_onion,
          nicolae_snake_magic_snake_eye
Snake:2:  layout_misc_corridors, ebering_ghost_rock_garden,
          serial_bayou_lagoon_b, uniq_asterion, uniq_vashnia, uniq_saint_roka
Snake:3:  layout_misc_corridors, grunt_megastairs_1, uniq_aizul, uniq_azrael,
          uniq_mlioglotl
Snake:4:  minmay_snake_end_coiled, layout_rooms, minmay_shoptagon, uniq_roxanne
Orc:1:    layout_diamond_mine, basic_altar, gammafunk_ghost_split, mines5_lemuel
Orc:2:    st_orc_elflike, layout_caves, serial_shops, nicolae_shop_crystal,
          sword_in_stone
Elf:1:    nicolae_elf_arrival_no_cutting_in_line, layout_geoelf_octagon,
          orc_legates

Skill      XL: |  1  2  3  4  5  6  7  8  9 10 11 12 13 14 15 16 17 18 |
---------------+-------------------------------------------------------+-----
Summonings     | 5 6 7 8 9 10 11 14 16 17 19 20 | 20.0
Spellcasting   | 3 7 9 10 12 14 15 | 15.2
Fighting       | 1 2 3 4 5 7 9 11 12 14 15 | 15.8
Hexes          | 1 5 6 8 |  8.0
Air Magic      | 2 3 5 6 8 |  8.0
Invocations    | 1 2 4 5 7 8 |  8.2
Armour         | 1 |  1.1
Dodging        | 5 7 8 9 10 | 10.8
Shields        | 4 5 |  5.5
Transmutations | 6 9 10 | 10.4
Translocations | 2 7 10 | 10.5
Stealth        | |  1.7

Action                   |  1- 3 |  4- 6 |  7- 9 | 10-12 | 13-15 | 16-18 || total
-------------------------+-------+-------+-------+-------+-------+-------++-------
Melee: Unarmed           |     1 |       |       |       |       |       ||     1
       Spear             |    56 |   125 |    71 |   129 |       |       ||   381
       Staff             |       |       |       |    14 |   106 |    80 ||   200
 Cast: Summon Small Mamm |    29 |    19 |     2 |     1 |     2 |     1 ||    54
       Call Canine Famil |     1 |    17 |    18 |    54 |    36 |     6 ||   132
       Summon Guardian G |       |     2 |    17 |    46 |    36 |     4 ||   105
       Summon Lightning  |       |       |    13 |    43 |    40 |     4 ||   100
       Summon Mana Viper |       |       |       |    47 |   142 |    33 ||   222
       Yara's Violent Un |       |       |       |       |    13 |     2 ||    15
       Malign Gateway    |       |       |       |       |    29 |    59 ||    88
       Statue Form       |       |       |       |       |     1 |       ||     1
       Summon Horrible T |       |       |       |       |       |    79 ||    79
       Silence           |       |       |       |       |       |     8 ||     8
Invok: Channel Magic     |       |       |       |     4 |     5 |     4 ||    13
       Divine Exegesis   |       |       |       |       |     1 |       ||     1
 Abil: Hop               |       |       |     2 |    12 |    16 |     9 ||    39
Evoke: Wand              |       |       |     4 |     8 |     2 |       ||    14
  Use: Scroll            |       |     4 |     3 |    12 |     7 |    15 ||    41
       Potion            |       |     2 |       |     6 |     1 |       ||     9
 Stab: Sleeping          |     2 |     3 |       |     1 |       |       ||     6
       Distracted        |     1 |     1 |     1 |       |     1 |       ||     4
Armor: Robe              |     5 |    20 |    15 |    10 |       |       ||    50
       Steam dragon scal |       |       |       |    76 |     2 |       ||    78
       Troll leather arm |       |       |       |       |   115 |   159 ||   274
       Leather armour    |       |       |       |       |     1 |       ||     1
       Skin              |       |       |       |       |     2 |       ||     2
Dodge: Dodged            |    39 |    68 |    51 |   236 |   254 |   279 ||   927
Block: Buckler           |       |       |       |    24 |   188 |   249 ||   461

Table legend: (Time is in decaauts)
 A = Elapsed time spent in this place.
 B = Non-inter-level travel time spent in this place.
 C = Inter-level travel time spent in this place.
 D = Time resting spent in this place.
 E = Time spent auto-exploring this place.
 F = Levels seen in this place.
 G = Mean time per level.
                   A        B        C        D        E       F      G
               +--------+--------+--------+--------+--------+-----+--------+
         Total |  49630 |  45631 |   3999 |   1927 |  34419 |  30 | 1654.3 |
       Dungeon |  24941 |  22996 |   1945 |    417 |  18179 |  15 | 1662.7 |
        Temple |    127 |     95 |     32 |      0 |     40 |   1 |  127.0 |
          Lair |  13229 |  11975 |   1254 |   1080 |   8834 |   6 | 2204.8 |
     Snake Pit |   6410 |   6235 |    175 |    322 |   4463 |   4 | 1602.5 |
  Orcish Mines |   3147 |   2558 |    589 |      0 |   1981 |   2 | 1573.5 |
   Elven Halls |    829 |    827 |      2 |      0 |    610 |   1 |  829.0 |
      Ice Cave |    945 |    945 |      0 |    108 |    311 |   1 |  945.0 |
               +--------+--------+--------+--------+--------+-----+--------+

Top non-repeatable levels by time:
     D:9: 3357 daAuts
  Lair:6: 3207 daAuts
  Lair:3: 2620 daAuts
    D:11: 2281 daAuts
     D:6: 2224 daAuts
  Lair:5: 2114 daAuts
 Snake:3: 2106 daAuts
     D:7: 2057 daAuts
  Lair:1: 2048 daAuts
    D:12: 2017 daAuts
 Snake:1: 1997 daAuts
  Lair:4: 1977 daAuts
   Orc:2: 1844 daAuts
 Snake:2: 1633 daAuts
    D:15: 1623 daAuts
